 Dungeon Crawl Stone Soup version 0.30.1-4-g462c640d31 (webtiles) character file.

Game seed: 13341042021529405128

12497 shmup the Cleaver (level 11, -5/97 HPs)
             Began as a Hill Orc Fire Elementalist on Aug 12, 2023.
             Was a Priest of Qazlal.
             Slain by a centaur warrior
             ... wielding a +0 quarterstaff
              (9 damage)
             ... on level 10 of the Dungeon.
             The game lasted 00:39:22 (13861 turns).

shmup the Cleaver (Hill Orc Fire Elementalist)     Turns: 13861, Time: 00:39:22

Health: -5/97      AC: 18    Str: 12    XL:     11   Next: 94%
Magic:  13/13      EV: 10    Int: 19    God:    Qazlal [***...]
Gold:   472        SH:  7    Dex: 11    Spells: 10/13 levels left

rFire   + . .        b - staff of conjuration
rCold   + . .        W - +0 buckler
rNeg    + . .        u - +1 ring mail "Vot Koe" {rN+}
rPois   .            n - +2 helmet
rElec   .            l - scarf {rC+ rF+}
rCorr   .            z - +0 pair of gloves
SInv    +            X - +0 pair of boots
Will    .....        E - amulet of the acrobat
Stlth   +            x - +4 ring of protection
HPRegen 0.36/turn    H - ring of see invisible
MPRegen 0.13/turn

%: acrobat
@: mighty, about to teleport, hasted, very quick
A: no striking features
a: Renounce Religion, Upheaval, Elemental Force


You were on level 10 of the Dungeon.
You worshipped Qazlal.
Qazlal was most pleased with you.
You visited 3 branches of the dungeon, and saw 13 of its levels.

You collected 696 gold pieces.
You spent 224 gold pieces at shops.

Inventory:

Hand Weapons
 a - the +9 hand axe of Inference {freeze, rN+}
   (You found it on level 2 of the Dungeon)

   rN:        It protects you from negative energy.
 e - the +2 mace of the Apocalypse {pain, rElec Will- Dex+8 SInv}
   (You found it on level 10 of the Dungeon)

   Dex:       It affects your dexterity (+8).
   rElec:     It insulates you from electricity.
   SInv:      It lets you see invisible.
   Will:      It decreases your willpower.
 Q - a +0 war axe
 U - the +2 arbalest of Dyseh {penet, Str+3}
   (You found it on level 11 of the Dungeon)

   Str:       It affects your strength (+3).
 Y - a +3 dagger of distortion
Missiles
 o - 22 poisoned darts
 p - 6 throwing nets
 y - 3 silver boomerangs (quivered)
 A - 4 boomerangs
Armour
 l - a scarf of resistance (worn)
 n - a +2 helmet (worn)
 u - the +1 ring mail "Vot Koe" (worn) {rN+}
   (You found it on level 5 of the Dungeon)

   rN:        It protects you from negative energy.
 z - a +0 pair of gloves (worn)
 F - a +0 leather armour of fire resistance
 W - a +0 buckler (worn)
 X - a +0 pair of boots (worn)
Magical Staves
 b - a staff of conjuration (weapon)
Jewellery
 q - an amulet of guardian spirit
 x - a +4 ring of protection (left hand)
 D - an amulet of regeneration
 E - an amulet of the acrobat (around neck)
 H - a ring of see invisible (right hand)
 I - a ring of flight
 K - a ring of fire
 Z - an amulet of faith
Wands
 r - a wand of digging (6)
 s - a wand of mindburst (29)
 w - a wand of charming (9)
 O - a wand of roots (11)
 R - a wand of flame (14)
Scrolls
 d - a scroll of brand weapon
 f - 2 scrolls of identify
 g - 2 scrolls of enchant weapon
 j - 5 scrolls of amnesia
 t - 2 scrolls of teleportation
 B - a scroll of acquirement
 M - a scroll of enchant armour
Potions
 c - 6 potions of curing
 h - 4 potions of lignification
 i - 2 potions of cancellation
 k - 4 potions of haste
 m - 2 potions of might
 v - 3 potions of mutation
 C - a potion of flight
 G - 2 potions of brilliance
 J - a potion of degeneration
 L - a potion of berserk rage
 N - 2 potions of attraction
 S - 3 potions of magic
 V - 2 potions of resistance


   Skills:
 - Level 9.3 Fighting
 - Level 14.0 Axes
 - Level 8.5 Armour
 - Level 1.5 Dodging
 - Level 1.5 Stealth
 - Level 1.5 Spellcasting
 + Level 7.5 Conjurations
 + Level 8.9 Fire Magic


You had 10 spell levels left.
You knew the following spells:

 Your Spells              Type           Power      Damage    Failure   Level
a - Foxfire               Conj/Fire      100%       2x1d9     1%          1
b - Scorch                Fire           70%        2d8       1%          2

Your spell library contained the following spells:

 Spells                   Type           Power      Damage    Failure   Level
 Kiss of Death            Conj/Necr      92%        2d12      11%         1
 Shock                    Conj/Air       92%        1d8       11%         1
 Flame Wave               Conj/Fire      49%        2d12      17%         4
 Inner Flame              Hex/Fire       18%        N/A       24%         3
 Volatile Blastmotes      Fire/Tloc      36%        2d13      24%         3
 Call Canine Familiar     Summ           1%         N/A       83%         3
 Confusing Touch          Hex            1%         N/A       83%         3
 Ozocubu's Armour         Ice            1%         N/A       83%         3
 Portal Projectile        Hex/Tloc       2%         N/A       83%         3
 Swiftness                Air            1%         N/A       83%         3
 Vhi's Electric Charge    Tloc/Air       2%         N/A       83%         3
 Arcjolt                  Conj/Air       11%        1d21      96%         5
 Airstrike                Air            0%         2d(1-17)  99%         4
 Dispel Undead            Necr           1%         3d6       99%         4
 Leda's Liquefaction      Hex/Erth       0%         N/A       99%         4
 Metabolic Englaciation   Hex/Ice        0%         N/A       100%        5
 Plasma Beam              Fire/Air       9%         2x1d21    100%        6
 Simulacrum               Ice/Necr       0%         N/A       100%        6
 Malign Gateway           Summ/Tloc      0%         N/A       100%        7
 Summon Horrible Things   Summ           0%         N/A       100%        8


Dungeon Overview and Level Annotations

Branches:
Dungeon (11/15) Zot: 24321  Temple (1/1) D:5 Zot: 5872    Lair (1/5) D:11 Zot: 5987
    Orc (0/2) D:10

Altars:
Ashenzari
Cheibriados
Dithmenos
Elyvilon
Fedhas
Gozag
Hepliaklqana
Kikubaaqudgha
Makhleb
Nemelex Xobeh
Okawaru
Qazlal
Ru
Sif Muna
Trog
Uskayaw
Vehumet
Wu Jian
Xom
Yredelemnul
Zin
The Shining One
Beogh

Shops:
D:7 *

Annotations:
D:3 exclusion: downstairs
D:4 exclusion: 2 downstairs
D:5 exclusion: downstairs
D:7 exclusion: downstairs


Message History

You hit the centaur warrior but do no damage.
The centaur warrior is moderately wounded.
The centaur warrior closely misses you.
The centaur warrior kicks you but does no damage.
The centaur warrior hits you with a +0 quarterstaff!
* * * LOW HITPOINT WARNING * * *
The centaur warrior kicks you but does no damage.
You completely miss the centaur warrior.
The centaur warrior is moderately wounded.
You block the centaur warrior's attack. x2
The centaur warrior closely misses you.
The centaur warrior kicks you but does no damage.
You hit the centaur warrior!
You blast the centaur warrior.
The centaur warrior is moderately wounded.
The centaur warrior hits you but does no damage.
The centaur warrior kicks you.
* * * LOW HITPOINT WARNING * * *
The centaur warrior hits you with a +0 quarterstaff!
* * * LOW HITPOINT WARNING * * *
The centaur warrior kicks you but does no damage.
Okay, then.
Unknown command.
Unknown command.
Unknown command.
Okay, then.
Okay, then.
Unknown command.
You feel yourself speed up.
The centaur warrior hits you with a +0 quarterstaff.
* * * LOW HITPOINT WARNING * * *
The centaur warrior kicks you.
* * * LOW HITPOINT WARNING * * *
The boulder beetle curls into a ball and begins rolling!
You block the centaur warrior's attack. The centaur warrior closely misses you.
Okay, then.
Okay, then.
As you read the scroll of teleportation, it crumbles to dust.
You feel strangely unstable.
The centaur warrior hits you with a +0 quarterstaff!
You die...

...0.0..0..▒▒.....▒ ▒..
......0.....▒B..▒▒▒▒▒▒▒▒▒..
........▒▒▒.....▒.....▒....
▒▒...▒▒▒▒ ▒..▒▒.▒.....▒▒▒..
▒▒▒▒ ▒▒..▒▒.▒.._..▒ ▒..
▒...▒▒▒▒.....▒ ▒..
▒..>...▒.....▒ ▒..
▒▒.0[▒..▒▒▒'▒▒▒ ▒..
▒.o..▒▒▒▒8...8▒▒▒▒▒ D▒
▒.c▒▒▒ ▒.......... ▒▒ D▒
▒..▒▒ ▒..>....... ▒. y. ▒▒
▒▒..▒▒▒▒▒.....▒▒▒▒. ▒.
o▒... ▒.....▒▒▒..▒▒▒ ▒. ..


YDyy ▒...▒▒▒ ▒.▒▒ ▒. .. ▒Dc ▒▒▒▒▒ ▒▒..▒▒▒▒▒)▒ ▒. ..▒y▒▒▒▒...▒▒▒▒ ▒..▒▒.[[.▒
▒▒▒▒▒. ..%▒▒.........▒▒▒.....▒▒▒▒▒▒...▒. You could see a boulder beetle
(rolling) and a centaur warrior.

Vanquished Creatures
  Harold (D:11)
  Erolcha (D:9)
  2 two-headed ogres
  Pikel (D:5)
  2 cyclopes (D:11)
  An elephant (D:10)
  Maurice (D:8)
  Psyche (D:11)
  4 trolls
  A meliai (D:10)
  A hornet (D:10)
  Sigmund (D:4)
  4 wyverns
  8 yaks
  A shadow (D:6)
  Eustachio (D:6)
  A basilisk (D:11)
  4 steam dragons
  Menkaure (D:7)
  A vampire mosquito (D:10)
  Edmund (D:6)
  2 acid dragons (D:10)
  3 orc warriors
  3 ice beasts
  A sky beast (D:7)
  3 black bears
  2 lemures (D:5)
  2 kobold brigands
  A gnoll sergeant (D:11)
  4 scorpions
  4 bullfrogs
  11 killer bees
  A howler monkey (D:10)
  3 hounds
  3 jellies
  A gnoll bouda (D:8)
  7 orc priests
  4 iguanas
  2 sleepcaps
  10 orc wizards
  6 adders
  10 gnolls
  A shadow imp (D:7)
  A white imp (D:6)
  An ufetubus (D:5)
  A worm (D:3)
  7 dart slugs
  50 orcs
  9 ball pythons
  8 endoplasms
  A giant cockroach (D:2)
  2 goblins
  8 hobgoblins
  5 jackals
  17 kobolds
  2 quokkas
  7 bats
  3 frilled lizards
  4 rats
249 creatures vanquished.

Vanquished Creatures (others)
  353 foxfires
353 creatures vanquished.

Grand Total: 602 creatures vanquished

Notes
Turn   | Place    | Note
-------+----------+-------------------------------------------
     0 | D:1      | shmup the Hill Orc Fire Elementalist began the quest for
                  | the Orb.
     0 | D:1      | Reached XP level 1. HP: 14/14 MP: 3/3
    72 | D:1      | Reached XP level 2. HP: 20/20 MP: 2/4
   192 | D:1      | Reached XP level 3. HP: 26/26 MP: 3/5
   419 | D:1      | Learned a level 2 spell: Scorch
  1036 | D:2      | Reached XP level 4. HP: 19/33 MP: 0/6
  1559 | D:2      | Identified the +9 hand axe of Inference {freeze, rN+}
  1823 | D:3      | Reached skill level 1 in Axes
  1854 | D:3      | Reached skill level 2 in Axes
  1854 | D:3      | Reached XP level 5. HP: 18/38 MP: 2/7
  2381 | D:3      | Found a white marble altar of Elyvilon.
  2561 | D:4      | Reached skill level 1 in Fighting
  2640 | D:4      | Reached skill level 1 in Armour
  2682 | D:4      | Noticed Sigmund
  3065 | D:4      | Reached XP level 6. HP: 50/50 MP: 3/8
  3128 | D:4      | Killed Sigmund
  3268 | D:4      | Reached XP level 7. HP: 51/59 MP: 2/9
  3527 | D:4      | Reached skill level 3 in Axes
  4122 | D:4      | Identified a scroll of acquirement
  4277 | D:5      | Entered Level 5 of the Dungeon
  4277 | D:5      | Found a staircase to the Ecumenical Temple.
  4293 | D:5      | Reached skill level 4 in Axes
  4298 | Temple   | Entered the Ecumenical Temple
  4298 | Temple   | Found a transporter.
  4298 | Temple   | Found a transporter.
  4352 | Temple   | Found a transporter.
  4352 | Temple   | Found a transporter.
  4379 | Temple   | Became a worshipper of Qazlal Stormbringer
  4440 | D:5      | Reached skill level 5 in Axes
  4658 | D:5      | Noticed Pikel
  4875 | D:5      | Reached skill level 6 in Axes
  4908 | D:5      | Reached skill level 7 in Axes
  5030 | D:5      | Identified the +1 ring mail "Vot Koe" {rN+}
  5143 | D:5      | Killed Pikel
  5144 | D:5      | Reached skill level 9 in Axes
  5144 | D:5      | Reached XP level 8. HP: 66/66 MP: 10/10
  5295 | D:6      | Reached skill level 10 in Axes
  5454 | D:6      | Noticed Eustachio
  5462 | D:6      | Killed Eustachio
  5463 | D:6      | Reached skill level 11 in Axes
  5557 | D:6      | Noticed Edmund
  5569 | D:6      | Killed Edmund
  5570 | D:6      | Reached XP level 9. HP: 69/71 MP: 1/11
  5711 | D:6      | Reached skill level 12 in Axes
  5856 | D:6      | Reached * piety under Qazlal
  6178 | D:6      | Reached skill level 13 in Axes
  6402 | D:7      | Found Ugeobb's Assorted Antiques.
  6411 | D:7      | Bought a potion of curing for 84 gold pieces
  6411 | D:7      | Bought a scroll labelled LUBIC SOXZOI for 28 gold pieces
  6431 | D:7      | Found a basalt altar of Yredelemnul.
  6530 | D:7      | Found a sparkling altar of Nemelex Xobeh.
  6749 | D:7      | Reached skill level 14 in Axes
  6940 | D:7      | Noticed Menkaure
  6941 | D:7      | Reached skill level 5 in Fire Magic
  6945 | D:7      | Killed Menkaure
  7125 | D:8      | Noticed a two-headed ogre
  7216 | D:8      | Reached XP level 10. HP: 78/78 MP: 12/12
  7420 | D:7      | Bought a scroll of identify for 56 gold pieces
  7420 | D:7      | Bought a scroll of identify for 56 gold pieces
  7517 | D:8      | Noticed Maurice
  7529 | D:8      | Killed Maurice
  7530 | D:8      | Reached skill level 5 in Conjurations
  7550 | D:8      | Reached ** piety under Qazlal
  7798 | D:8      | Found an ancient bone altar of Kikubaaqudgha.
  7799 | D:8      | Found a broken altar of Ashenzari.
  8236 | D:8      | Killed a two-headed ogre
  8237 | D:8      | Reached skill level 5 in Fighting
  8621 | D:9      | Reached skill level 5 in Armour
  9090 | D:9      | Noticed Erolcha
  9828 | D:9      | Killed Erolcha
  9829 | D:9      | Reached XP level 11. HP: 89/93 MP: 4/13
 10181 | D:10     | Entered Level 10 of the Dungeon
 10479 | D:10     | Found a staircase to the Orcish Mines.
 10582 | D:10     | Found a roughly hewn altar of Beogh.
 10783 | D:10     | Found a shimmering blue altar of Sif Muna.
 10783 | D:10     | Found a hazy altar of Hepliaklqana.
 10988 | D:10     | Noticed a centaur warrior
 10988 | D:10     | Noticed an eight-headed hydra
 10988 | D:10     | Noticed a boulder beetle
 11125 | D:11     | Reached *** piety under Qazlal
 11147 | D:11     | Noticed a cyclops
 11163 | D:11     | Killed a cyclops
 11286 | D:11     | Noticed Harold
 11301 | D:11     | Killed Harold
 11369 | D:11     | Noticed a cyclops
 11378 | D:11     | Killed a cyclops
 11487 | D:11     | Noticed a two-headed ogre
 11694 | D:11     | Killed a two-headed ogre
 12000 | D:11     | Found a staircase to the Lair.
 12019 | D:11     | Identified the +2 arbalest of Dyseh {penet, Str+3}
 12039 | D:11     | Noticed Psyche
 12057 | D:11     | Killed Psyche
 12912 | Lair:1   | Entered Level 1 of the Lair of Beasts
 12914 | Lair:1   | Noticed a death yak
 12918 | Lair:1   | Noticed a death yak
 12921 | Lair:1   | Noticed a death yak
 12921 | Lair:1   | Noticed a death yak
 13803 | D:10     | Identified the +2 mace of the Apocalypse {pain, rElec Will-
                  | Dex+8 SInv}
 13860 | D:10     | HP: 4/97 [centaur warrior/+0 quarterstaff (1)]
 13861 | D:10     | Slain by a centaur warrior

Illustrated notes

Levels and vault maps discovered:
D:1:      grunt_arrival_lava_bath, layout_basic
D:2:      layout_basic, item_on_display_a
D:3:      layout_rooms, amcnicky_altar_gilded, serial_glass, glass_columns_a,
          glass_columns_a
D:4:      layout_layer_cave, uniq_sigmund
D:5:      layout_cave_pools, minmay_temple_entry_grid, minmay_liquid_box,
          minmay_misc_feat_five, uniq_pikel
D:6:      layout_rooms, supply_closet_lemuel, uniq_edmund, uniq_eustachio
D:7:      layout_rooms, overflow_temple_1_default, yredelemnul_altar_generic,
          serial_shops, shop, roderic_filled_cross, uniq_menkaure
D:8:      layout_basic, gammafunk_temple_overflow_wave, enter_bailey_8,
          serial_bayou_pond_c, uniq_maurice
D:9:      layout_roguey, uniq_erolcha
D:10:     layout_basic, grunt_temple_overflow_open,
          minmay_orc_entry_temple_small, minmay_pinched_square
D:11:     layout_loops_corners, david_lair_generic, uniq_psyche, uniq_harold
Temple:   hellmonk_temple_divided_pantheon
Lair:1:   layout_hall_layers, nicolae_volcano_entry_s_turn, uniq_amaemon

Skill      XL: |  1  2  3  4  5  6  7  8  9 10 11 |
---------------+----------------------------------+-----
Conjurations   | 2 4 5 7 |  7.5
Fire Magic     | 4 5 7 8 |  8.9
Axes           | 2 9 11 14 | 14.0
Fighting       | 2 4 7 9 |  9.3
Armour         | 2 3 7 8 |  8.5
Dodging        | |  1.5
Stealth        | |  1.5
Spellcasting   | |  1.5

Action                     |  1- 3 |  4- 6 |  7- 9 | 10-12 || total
---------------------------+-------+-------+-------+-------++-------
  Melee: Unarmed           |    14 |       |       |       ||    14
         Dagger            |     8 |    17 |       |       ||    25
         Hand axe          |       |    24 |   125 |   265 ||   414
         Punch             |       |       |     1 |       ||     1
         Staff             |       |       |       |    54 ||    54
   Cast: Foxfire           |    42 |    61 |    64 |    43 ||   210
         Scorch            |     3 |     7 |    29 |    66 ||   105
  Evoke: Wand              |       |       |     6 |     4 ||    10
    Use: Scroll            |     4 |     4 |     9 |    13 ||    30
         Potion            |       |       |       |     9 ||     9
   Stab: Sleeping          |     1 |       |     1 |       ||     2
 Armour: Robe              |    15 |    17 |    25 |       ||    57
         Leather armour    |       |       |    16 |    48 ||    64
         Ring mail         |       |       |       |    68 ||    68
  Dodge: Dodged            |    21 |    33 |    84 |   192 ||   330
  Block: Other             |       |       |     4 |     4 ||     8
         Buckler           |       |       |       |    84 ||    84
